AoeStats
← KanSu

Nomad

504408837Analyzed
4v4 RM · 27d ago on Sep 5, 2026· 42m 10s· 8 players
Game mode
Random Map
Map size
231×231
Population
200
Speed
Normal
Resources
Standard
Victory
Conquest
Starting age
Dark Age
Ending age
Imperial Age
RankedLock teamsTeams togetherTeam positionsShared explorationLock speedFull tech treeHidden civsTurbo modeCheats
Victory
Defeat
🇹🇼 Dravidians · Taiwan
1611
+11
🇹🇼 Spanish · Taiwan
1583
+13
🇨🇳 Persians · China
1513
+15
🇺🇸 Vietnamese · United States
1482
+16
🇨🇳 Mongols · China
1560
-16
🇦🇺 Sicilians · Australia
1557
-16
🇨🇳 Spanish · China
1457
-12
🇨🇳 Dravidians · China
1438
-11
骑人机的骑士
12:21 Feudal Age
16:48 Castle Age
14:49 Loom
15:27 Double-Bit Axe
17:58 Scale Barding Armor
18:03 Forging
18:01 Gold Mining
18:34 Husbandry
18:44 Bloodlines
25:06 Fishing Lines
28:00 Bloodlines
30:27 Imperial Age
28:38 Bloodlines
28:23 Horse Collar
29:09 Bow Saw
30:11 Wheelbarrow
30:22 Chain Barding Armor
30:37 Iron Casting
31:07 Iron Casting
30:37 Cavalier
31:53 Plate Barding Armor
31:26 Stone Mining
33:02 Gillnets
34:24 Hand Cart
37:08 Savar
39:03 Conscription
40:18 Gold Shaft Mining
40:39 Caravan
42:42 Blast Furnace
TW_Kenneth
12:48 Feudal Age
16:37 Castle Age
15:44 Fletching
15:54 Double-Bit Axe
16:53 Loom
17:02 Fishing Lines
17:59 Medium Warships
17:48 Town Watch
20:33 Bodkin Arrow
20:31 Horse Collar
23:25 Forging
26:05 Wheelbarrow
27:07 Bow Saw
28:13 Gillnets
31:08 Hand Cart
35:00 Imperial Age
32:52 Ballistics
33:51 Padded Archer Armor
34:48 Leather Archer Armor
34:31 Gold Mining
34:31 Stone Mining
34:43 Heavy Plow
34:58 Husbandry
35:09 Thumb Ring
35:39 Caravan
35:32 Elite Elephant Archer
37:38 Ring Archer Armor
37:10 Bracer
38:06 Fortified Wall
39:02 Chemistry
39:38 Clinker Construction
41:02 Carvel Hull
41:31 Coinage
42:58 Heavy Warships
P0rr1dg3
11:44 Feudal Age
16:23 Castle Age
15:15 Double-Bit Axe
15:25 Fishing Lines
15:32 Fishing Lines
17:46 Bow Saw
20:59 Loom
22:51 Padded Archer Armor
23:07 Town Watch
23:34 Husbandry
23:48 Horse Collar
28:39 Leather Archer Armor
29:59 Bloodlines
31:39 Wheelbarrow
31:29 Heavy Plow
31:54 Gold Mining
31:54 Stone Mining
33:39 Hand Cart
33:31 Fletching
34:58 Ballistics
34:33 Bodkin Arrow
34:51 Masonry
38:21 Imperial Age
36:47 Stone Shaft Mining
38:29 Capped Ram
40:01 Ring Archer Armor
40:39 Supremacy
40:24 Sappers
41:15 Conscription
43:09 Two-Man Saw
43:14 Chemistry
42:02 Arrowslits
KanSu
3:53 Loom
14:29 Feudal Age
14:55 Double-Bit Axe
15:05 Gold Mining
18:46 Wheelbarrow
22:39 Castle Age
20:50 Stone Mining
21:55 Fletching
23:45 Bow Saw
24:13 Stone Shaft Mining
25:55 Horse Collar
27:00 Bodkin Arrow
32:05 Hand Cart
32:16 Padded Archer Armor
32:24 Town Watch
37:18 Imperial Age
35:12 Town Patrol
35:35 Fishing Lines
37:31 Thumb Ring
38:17 Ballistics
37:37 Treadmill Crane
37:43 Treadmill Crane
38:23 Ballistics
39:11 Paper Money
39:54 Chemistry
39:09 Heavy Plow
40:14 Bracer
40:30 Leather Archer Armor
40:36 Elite Rattan Archer
[MLT] Vexillolgy
6:05 Loom
13:45 Feudal Age
18:05 Castle Age
16:04 Double-Bit Axe
17:41 Horse Collar
19:39 Fishing Lines
21:50 Town Watch
22:33 Heavy Plow
22:48 Bow Saw
29:05 Wheelbarrow
29:58 Stone Mining
30:00 Gold Mining
31:16 Hand Cart
32:24 Gold Shaft Mining
32:53 Scale Mail Armor
33:03 Forging
34:57 First Crusade
35:06 Chain Mail Armor
35:57 Iron Casting
39:30 Imperial Age
36:52 Pikeman
冰石戟
5:13 Loom
13:44 Feudal Age
17:50 Castle Age
16:24 Fishing Lines
16:37 Double-Bit Axe
19:47 Wheelbarrow
20:09 Horse Collar
20:41 Bow Saw
20:59 Heavy Plow
23:14 Gillnets
23:47 Medium Warships
28:40 Hand Cart
29:45 Town Watch
30:48 Fletching
34:01 Imperial Age
31:32 Gold Mining
31:37 Stone Mining
32:36 Town Patrol
32:36 Bodkin Arrow
32:43 Padded Archer Armor
32:52 Medical Corps
33:59 Leather Archer Armor
33:44 Scale Mail Armor
33:17 Pikeman
33:57 Squires
34:12 Forging
34:26 Arson
34:07 Halberdier
34:26 Elite Elephant Archer
35:12 Thumb Ring
36:01 Conscription
36:01 Bracer
第一滴血
13:45 Feudal Age
17:26 Castle Age
15:17 Double-Bit Axe
15:22 Fishing Lines
16:10 Horse Collar
16:32 Gold Mining
19:08 Bow Saw
18:52 Gillnets
19:34 Medium Warships
19:29 Loom
30:07 Careening
30:37 Wheelbarrow
35:26 Imperial Age
33:16 Scale Barding Armor
33:58 Hand Cart
34:41 Chain Barding Armor
34:32 Forging
34:50 Bloodlines
34:41 Husbandry
35:56 Heavy Plow
37:05 Plate Barding Armor
36:22 Cavalier
38:26 Iron Casting
38:20 Paladin
40:27 Supremacy
41:20 Blast Furnace
我是你大飞哥
5:11 Loom
13:28 Feudal Age
15:59 Double-Bit Axe
20:00 Castle Age
20:59 Medium Warships
22:11 Fletching
25:22 Ballistics
26:34 Bodkin Arrow
30:01 Fishing Lines
31:08 Horse Collar
32:57 Wheelbarrow
33:40 Bloodlines
35:33 Thumb Ring
36:07 Padded Archer Armor
41:24 Imperial Age
Connection lost

Rejoining the realm…

Still unreachable

The connection could not be restored.

Session expired

The server has moved on; the page needs a fresh start.